[Event "45th FIDE Olympiad 2024"]
[Site "Budapest"]
[Date "2024.09.13"]
[Round "3.37"]
[White "Peralta, Fernando"]
[Black "Duda, Jan-Krzysztof"]
[Result "0-1"]
[ECO "E90"]
[WhiteElo "2558"]
[BlackElo "2732"]
[Annotator "TA"]
[PlyCount "70"]
[EventDate "2024.09.05"]
[EventType "team-tourn"]
[EventCountry "HUN"]
[SourceTitle "playchess.com"]
[Source "ChessBase"]
[SourceQuality "1"]
[WhiteTeam "Argentina"]
[BlackTeam "Poland"]
[WhiteTeamCountry "ARG"]
[BlackTeamCountry "POL"]
[TimeControl "40/5400+30:1800+30"]

1. d4 Nf6 2. c4 c5 3. d5 g6 4. Nc3 Bg7 5. e4 d6 6. h3 O-O 7. Nf3 e6 8. Bd3 exd5 9. exd5 Re8+ 10. Be3 Rxe3+ 11. fxe3 Qe7 12. O-O Nbd7 {[%emt 0:00:05] White is better.} 13. Qe1 h6 14. Qf2 Nh7 15. Ne4 Ne5 16. Nxe5 Bxe5 17. Nc3 Bd7 18. Ne2 (18. Kh1 {is more complex.} Ng5 19. Qh4 Kg7 20. a4) 18... Be8 19. Nf4 Nf6 20. Rae1 Nd7 21. Bc2 a6 22. a4 b6 23. Nd3 Bg7 24. b4 cxb4 ({Reject} 24... Bc3 25. Rb1 $16) 25. Nxb4 Ne5 {[%emt 0:00:06][%cal Oa6a5] Repels Nc6} 26. Bb3 Qc7 27. Rd1 (27. Qc2 {simplifies} h5 28. Re2 Bd7 29. Nd3) 27... b5 {[%emt 0:01:39] [#]} 28. c5 dxc5 (28... bxa4 $5 29. Ba2 Bb5 $17 (29... dxc5 30. d6 $11) (29... Qxc5 30. Nc6 $15)) 29. d6 $36 {[%emt 0:00:04][%mdl 2048] White has some pressure.} Qa7 {[%emt 0:00:05] [#]} (29... Qd7 $11 {remains equal.} 30. Bd5 Ra7) 30. Nd5 $1 $16 {[%emt 0:01:07] Threatens to win with Nf6+.} c4 31. Bc2 Rd8 32. Nf6+ Bxf6 33. Qxf6 Qxe3+ 34. Kh1 Qg5 {[%emt 0:00:10] [#]} 35. Qxg5 ({White has to play} 35. Qf2 $1 $16) 35... hxg5 {[%emt 0:00:06][%mdl 32768] Weighted Error Value: White=0.19 (very precise) /Black=0.13 (very precise) .  Mistake:       	White=2     	Black=1      Inaccurate:     	White=2     	Black=1      OK:         	White=3     	Black=9      Best:        	White=2     	Black=4      Strong:       	White=1     	---       . Loss on time!?} 0-1

[Event "45th FIDE Olympiad 2024"]
[Site "Budapest"]
[Date "2024.09.13"]
[Round "3.37"]
[White "Bhakta, Bahadur Monger"]
[Black "Pereira, Sergio"]
[Result "1/2-1/2"]
[ECO "D02"]
[WhiteElo "1911"]
[BlackElo "1988"]
[Annotator "NA RC"]
[PlyCount "91"]
[EventDate "2024.09.05"]
[EventType "team-tourn"]
[EventCountry "HUN"]
[SourceTitle "playchess.com"]
[Source "ChessBase"]
[SourceQuality "1"]
[WhiteTeam "Bhutan"]
[BlackTeam "Sao Tome and Principe"]
[WhiteTeamCountry "BTN"]
[BlackTeamCountry "SAO"]
[TimeControl "40/5400+30:1800+30"]

1. d4 Nf6 2. Nf3 d5 3. Bf4 c5 4. e3 Nc6 5. Nbd2 Bf5 6. c3 Qb6 7. Qb3 c4 8. Qxb6 axb6 9. Be2 b5 10. O-O h6 11. Ne5 e6 12. Ndf3 Ne7 13. h3 Bh7 14. Nd2 Nc8 15. Ng4 Nd7 16. f3 Ncb6 17. Rfc1 Na4 18. b3 Nxc3 19. Bf1 Bb4 20. e4 Ra3 21. Nb1 Nxb1 22. Raxb1 c3 23. Nf2 O-O 24. Nd3 Ba5 25. Bd6 b4 26. Nxb4 dxe4 27. fxe4 Rc8 28. Nc6 Rxc6 29. Bxa3 c2 30. Ra1 Bc3 31. d5 Bd4+ 32. Kh2 exd5 33. exd5 Be5+ 34. Kg1 Rc8 35. Bc4 Bd4+ 36. Kf1 Ne5 37. d6 Bd3+ 38. Bxd3 Nxd3 39. d7 Rd8 40. Rxc2 Bxa1 41. Rc8 Bf6 42. Bd6 Nc1 43. Bc7 Rf8 44. Bd6 Rd8 45. Bc7 Rf8 46. Bd6 1/2-1/2

[Event "45th FIDE Olympiad 2024"]
[Site "Budapest"]
[Date "2024.09.13"]
[Round "3.38"]
[White "Wojtaszek, Radoslaw"]
[Black "Felgaer, Ruben"]
[Result "1-0"]
[ECO "D17"]
[WhiteElo "2681"]
[BlackElo "2563"]
[Annotator "TA"]
[PlyCount "85"]
[EventDate "2024.09.05"]
[EventType "team-tourn"]
[EventCountry "HUN"]
[SourceTitle "playchess.com"]
[Source "ChessBase"]
[SourceQuality "1"]
[WhiteTeam "Poland"]
[BlackTeam "Argentina"]
[WhiteTeamCountry "POL"]
[BlackTeamCountry "ARG"]
[TimeControl "40/5400+30:1800+30"]

1. d4 d5 2. c4 c6 3. Nf3 Nf6 4. Nc3 dxc4 5. a4 Bf5 6. Ne5 Nbd7 7. Nxc4 Nb6 8. Ne5 a5 9. h4 h6 10. f3 Nfd7 11. e4 {[%emt 0:00:36] White is slightly better.} Bh7 12. Nd3 e6 13. Be3 Bd6 14. Bf2 {[%emt 0:00:43] Prevents Bg3.} Qc7 15. Qc2 Bg3 16. Bxg3 Qxg3+ 17. Qf2 Qd6 18. Be2 Qe7 19. f4 Nc4 20. Bf3 O-O 21. Rd1 Rad8 22. O-O Kh8 23. Rfe1 f6 24. Bg4 Ncb6 25. d5 e5 26. Be6 cxd5 27. exd5 Bxd3 $1 28. Rxd3 Nc5 29. Rf3 Nbxa4 30. Nxa4 Nxa4 31. fxe5 fxe5 32. Rxe5 Rxf3 33. gxf3 Qf6 34. f4 b6 35. Bf5 Nc5 36. h5 Nd7 (36... Qf7 $14 {feels stronger.}) 37. Bxd7 $16 Rxd7 {[%emt 0:00:01][%mdl 4096] Endgame. KQR-KQR} 38. Re8+ Kh7 39. Qc2+ g6 40. Qe4 {[%emt 0:00:22] Prevents Qd4+} (40. Kg2 $16 {Strongly threatening Re6.} Qf5 41. hxg6+ (41. Qxf5 gxf5 42. Re5 a4 $14) 41... Qxg6+ 42. Qxg6+ Kxg6 43. Re5) 40... Rg7 $2 {[%emt 0:02:52][%mdl 8192] [#]} (40... Qf5 $11) 41. Re6 (41. Kf1 $142 Qf5 42. Qxf5 gxf5 43. d6) 41... Qf5 $18 42. Qxf5 gxf5+ 43. Kf2 {[%emt 0:00:05] Weighted Error Value: White=0.07 (flawless) /Black=0.06 (flawless) .  Loses game:     	---       	Black=1      Mistake:       	White=2     	Black=1      OK:         	White=12    	Black=14     Best:        	White=4     	Black=4      Strong:       	---       	Black=1} 1-0

[Event "45th FIDE Olympiad 2024"]
[Site "Budapest"]
[Date "2024.09.13"]
[Round "3.38"]
[White "Espirito Santo, Waldyr"]
[Black "Mahendra, Gurung"]
[Result "1-0"]
[ECO "C02"]
[WhiteElo "1926"]
[BlackElo "1725"]
[Annotator "NA RC"]
[PlyCount "69"]
[EventDate "2024.09.05"]
[EventType "team-tourn"]
[EventCountry "HUN"]
[SourceTitle "playchess.com"]
[Source "ChessBase"]
[SourceQuality "1"]
[WhiteTeam "Sao Tome and Principe"]
[BlackTeam "Bhutan"]
[WhiteTeamCountry "SAO"]
[BlackTeamCountry "BTN"]
[TimeControl "40/5400+30:1800+30"]

1. e4 c5 2. c3 Nc6 3. d4 cxd4 4. cxd4 d5 5. e5 e6 6. Nf3 Bb4+ 7. Nc3 Nge7 8. Bd3 O-O 9. Bxh7+ Kxh7 10. Ng5+ Kg6 11. Qg4 f5 12. exf6 e5 13. Ne6+ Kxf6 14. Bg5+ Kf7 15. Nxd8+ Ke8 16. Qh4 Nxd8 17. dxe5 Be6 18. Qxb4 Nec6 19. Qd6 Rf7 20. Bxd8 Nxd8 21. O-O Rd7 22. Qc5 b6 23. Qb4 Rc8 24. Qh4 Rc4 25. Qh8+ Kf7 26. Nb5 Nb7 27. Rac1 a6 28. Rxc4 dxc4 29. Nd6+ Nxd6 30. exd6 b5 31. Qh5+ g6 32. Qh7+ Kf6 33. Qh8+ Kf5 34. Re1 Bf7 35. Qe5+ 1-0

[Event "45th FIDE Olympiad 2024"]
[Site "Budapest"]
[Date "2024.09.13"]
[Round "3.39"]
[White "Flores, Diego"]
[Black "Piorun, Kacper"]
[Result "0-1"]
[ECO "A21"]
[WhiteElo "2546"]
[BlackElo "2599"]
[Annotator "RC"]
[PlyCount "90"]
[EventDate "2024.09.05"]
[EventType "team-tourn"]
[EventCountry "HUN"]
[SourceTitle "playchess.com"]
[Source "ChessBase"]
[SourceQuality "1"]
[WhiteTeam "Argentina"]
[BlackTeam "Poland"]
[WhiteTeamCountry "ARG"]
[BlackTeamCountry "POL"]
[TimeControl "40/5400+30:1800+30"]

1. c4 e5 2. Nc3 Bb4 3. Nd5 a5 4. Nf3 d6 5. a3 Bc5 6. e3 c6 7. d4 Ba7 8. Nc3 Nd7 9. Be2 Ngf6 10. g4 exd4 11. exd4 d5 12. g5 Ne4 13. cxd5 Nxc3 14. bxc3 cxd5 15. Bd3 O-O 16. h4 Re8+ 17. Kf1 Nf8 18. Ne5 Be6 19. h5 Rc8 20. g6 Rxc3 21. Qf3 fxg6 22. hxg6 hxg6 23. Bd2 Rb3 24. Qf4 Bb8 25. Bc2 Rh3 26. Kg2 Rh5 27. Rxh5 gxh5 28. Rh1 Bxe5 29. dxe5 Bf7 30. Qg3 Qc7 31. Bd3 Qxe5 32. Bf4 Qf6 33. Bg5 Qe6 34. Rb1 b6 35. Rc1 Bg6 36. Bb5 Rc8 37. Rxc8 Qxc8 38. Be3 Qe6 39. Kh2 Qf6 40. Bg5 Qb2 41. a4 Be4 42. Be3 Qf6 43. Bg5 Qf5 44. Be8 Nh7 45. Bh6 Kf8 0-1

[Event "45th FIDE Olympiad 2024"]
[Site "Budapest"]
[Date "2024.09.13"]
[Round "3.39"]
[White "Suk, Raj Monger"]
[Black "Nascimento, Admilton De Ceita Do"]
[Result "0-1"]
[ECO "B06"]
[WhiteElo "1821"]
[BlackElo "1908"]
[Annotator "NA RC"]
[PlyCount "102"]
[EventDate "2024.09.05"]
[EventType "team-tourn"]
[EventCountry "HUN"]
[SourceTitle "playchess.com"]
[Source "ChessBase"]
[SourceQuality "1"]
[WhiteTeam "Bhutan"]
[BlackTeam "Sao Tome and Principe"]
[WhiteTeamCountry "BTN"]
[BlackTeamCountry "SAO"]
[TimeControl "40/5400+30:1800+30"]

1. e4 d6 2. d4 g6 3. Nc3 Bg7 4. Nf3 Nd7 5. Bc4 Ngf6 6. Bxf7+ Kf8 7. Ng5 Nb6 8. Be6 Qe8 9. e5 h6 10. exf6 exf6 11. O-O hxg5 12. Bxc8 Qxc8 13. Qf3 g4 14. Qd3 f5 15. f3 gxf3 16. Rxf3 Qe6 17. Bg5 Qc4 18. Qxc4 Nxc4 19. Ne2 Re8 20. Rf2 Nxb2 21. Rb1 b6 22. h4 Kg8 23. Kh2 Nc4 24. g4 Ne3 25. Kg3 Nxg4 26. Rg2 Kh7 27. Rf1 Re4 28. c3 Rhe8 29. Ng1 c5 30. Nf3 cxd4 31. cxd4 Bxd4 32. Bf4 Kg7 33. Ng5 Re2 34. Rxe2 Rxe2 35. Bxd6 Re3+ 36. Kf4 Bf6 37. Rc1 Rc3 38. Rxc3 Bxc3 39. Bb8 Bd2+ 40. Kf3 Bxg5 41. hxg5 a6 42. a4 Kf7 43. Bc7 b5 44. axb5 axb5 45. Ke2 Ke6 46. Kd3 Kd5 47. Bg3 Ne5+ 48. Ke3 b4 49. Be1 b3 50. Bc3 b2 51. Kf4 b1=Q 0-1

[Event "45th FIDE Olympiad 2024"]
[Site "Budapest"]
[Date "2024.09.13"]
[Round "3.40"]
[White "Bartel, Mateusz"]
[Black "Sosa, Tomas"]
[Result "0-1"]
[ECO "C45"]
[WhiteElo "2618"]
[BlackElo "2515"]
[Annotator "RC"]
[PlyCount "114"]
[EventDate "2024.09.05"]
[EventType "team-tourn"]
[EventCountry "HUN"]
[SourceTitle "playchess.com"]
[Source "ChessBase"]
[SourceQuality "1"]
[WhiteTeam "Poland"]
[BlackTeam "Argentina"]
[WhiteTeamCountry "POL"]
[BlackTeamCountry "ARG"]
[TimeControl "40/5400+30:1800+30"]

1. e4 e5 2. Nf3 Nc6 3. d4 exd4 4. Nxd4 Bc5 5. Nb3 Bb6 6. Qe2 a5 7. a4 d6 8. Be3 Bxe3 9. Qxe3 Be6 10. Nc3 Bxb3 11. cxb3 Nf6 12. Bc4 Nb4 13. O-O O-O 14. Rad1 Re8 15. Qg3 Qe7 16. Rfe1 Rad8 17. h3 c6 18. Re2 Qe5 19. Qe3 Nd7 20. Qa7 Qc5 21. Qxc5 Nxc5 22. f3 Rd7 23. Red2 Red8 24. h4 Kf8 25. Kf2 Nca6 26. f4 Nc7 27. Be2 d5 28. Bg4 Re7 29. Bf3 d4 30. e5 Ne6 31. Kg3 Red7 32. Ne4 d3 33. Bg4 Rd4 34. Bxe6 Rxe4 35. Bf5 Red4 36. Kf3 g6 37. Be4 f5 38. exf6 Kf7 39. g4 Kxf6 40. g5+ Kg7 41. h5 R8d7 42. h6+ Kf8 43. Ke3 c5 44. Rxd3 Nxd3 45. Rxd3 b6 46. Rxd4 cxd4+ 47. Ke2 Rf7 48. Kf3 Re7 49. b4 axb4 50. b3 Rc7 51. Ke2 Rf7 52. Kd3 Rxf4 53. Kxd4 Rg4 54. Kd5 Rxg5+ 55. Kc6 Re5 56. Bd3 Re6+ 57. Kb5 g5 0-1

[Event "45th FIDE Olympiad 2024"]
[Site "Budapest"]
[Date "2024.09.13"]
[Round "3.40"]
[White "Semedo, Adelino"]
[Black "Lhundrup, M Dorji"]
[Result "1-0"]
[ECO "D02"]
[WhiteElo "1827"]
[BlackElo "1715"]
[Annotator "NA"]
[PlyCount "99"]
[EventDate "2024.09.05"]
[EventType "team-tourn"]
[EventCountry "HUN"]
[SourceTitle "playchess.com"]
[Source "ChessBase"]
[SourceQuality "1"]
[WhiteTeam "Sao Tome and Principe"]
[BlackTeam "Bhutan"]
[WhiteTeamCountry "SAO"]
[BlackTeamCountry "BTN"]
[TimeControl "40/5400+30:1800+30"]

1. d4 Nf6 2. Nf3 e6 3. g3 c5 4. c3 Nc6 5. Bg2 d5 6. O-O Bd6 7. Nbd2 O-O 8. Re1 Qb6 9. e4 dxe4 10. Nc4 Qc7 11. Ng5 cxd4 12. cxd4 Bb4 13. Re2 Nxd4 14. Qxd4 Rd8 15. Bf4 Rxd4 16. Bxc7 Rxc4 17. Bf4 Bd7 18. a3 Ba5 19. Nxe4 Nxe4 20. Rxe4 Rc2 21. Rd4 Bc6 22. Bxc6 bxc6 23. b4 Bb6 24. Rd2 Rxd2 25. Bxd2 Rd8 26. Bc3 Rd3 27. Rc1 h5 28. Kf1 Rf3 29. Rc2 Rf5 30. a4 a5 31. Be1 axb4 32. Rxc6 Ba5 33. Rc8+ Kh7 34. Rb8 h4 35. Bxb4 Bc7 36. Rb5 Rf3 37. Rh5+ Kg6 38. Rxh4 Kf5 39. Rc4 Bb6 40. Bc5 Bxc5 41. Rxc5+ Kf6 42. a5 Ra3 43. Kg2 Ke7 44. Rb5 f5 45. Rb7+ Kf6 46. Ra7 Ra4 47. a6 g5 48. Ra8 g4 49. a7 Ke7 50. Rh8 1-0

[Event "45th FIDE Olympiad 2024"]
[Site "Budapest"]
[Date "2024.09.13"]
[Round "3.41"]
[White "Suleymanli, Aydin"]
[Black "Schitco, Ivan"]
[Result "1-0"]
[ECO "B12"]
[WhiteElo "2632"]
[BlackElo "2527"]
[Annotator "TA"]
[PlyCount "101"]
[EventDate "2024.09.05"]
[EventType "team-tourn"]
[EventCountry "HUN"]
[SourceTitle "playchess.com"]
[Source "ChessBase"]
[SourceQuality "1"]
[WhiteTeam "Azerbaijan"]
[BlackTeam "Moldova"]
[WhiteTeamCountry "AZE"]
[BlackTeamCountry "MDA"]
[TimeControl "40/5400+30:1800+30"]

1. e4 c6 2. d4 d5 3. e5 Bf5 4. Nf3 e6 5. Be2 a6 6. O-O Bg6 7. Nbd2 c5 8. c4 {[%emt 0:02:35] White has an edge.} Nc6 9. cxd5 exd5 10. a3 Rc8 11. dxc5 Bxc5 12. b4 Ba7 13. Bb2 Nge7 14. e6 f6 15. Nh4 O-O 16. Nxg6 hxg6 17. Bd3 Qd6 18. Re1 Ne5 19. Nf3 N7c6 20. e7 Rfe8 (20... Nxe7 $11 21. Nxe5 fxe5 22. Bxe5 Bxf2+ 23. Kh1 Qb6) 21. Nxe5 $14 fxe5 22. Qg4 Qf6 {[%emt 0:07:28] [#]} (22... Nxe7 $2 23. Rxe5 (23. Bxe5 Qb6 $18) 23... Rf8 24. Rf1 $18) (22... e4 $2 23. Rxe4 Nxe7 (23... Bxf2+ $2 24. Kxf2 g5 25. Qxg5 $18) 24. Re6 $18) 23. Kh1 $1 {[%emt 0:01:51] Chess con chili. Active counter play!} Nxe7 24. Rxe5 Qf7 (24... Bb8 $16 {is a better defense.} 25. Re2 Qf7) 25. Rae1 Rc6 $2 (25... Nf5 $16 {is more resistant.}) 26. Qd7 $18 Kf8 27. Qxb7 Bxf2 {[%emt 0:00:28] [#]} 28. Qxc6 $3 Bxe1 29. Qxa6 $40 {[%emt 0:00:13][%mdl 128] White has strong attack.} Bh4 30. Re3 (30. Bc1 $18) 30... Nf5 $16 31. Rf3 Re1+ 32. Rf1 Kg8 $2 (32... Rxf1+ $16 33. Bxf1 Kg8) 33. Rxe1 $18 Bxe1 34. Qc8+ Kh7 35. Qc1 Qe6 36. Qf4 {[%emt 0:00:44] Prevents Bf2} Bh4 37. Qe5 Qd7 38. Qe2 d4 $2 (38... Bd8 39. b5 Qd6) 39. b5 (39. Bxf5 $142 Qxf5 40. Bxd4) 39... Bf6 40. Qe4 Qc7 41. g3 (41. a4 Qa7 42. g4 Nh4 $11) 41... Qa5 42. Qe2 Ne3 43. Bc1 Qc3 (43... Kg8 $142 44. Bxg6 Kf8) 44. Bxe3 dxe3 45. Qxe3 {[%emt 0:00:00][%mdl 4096] Endgame. KQB-KQB} Qb2 $2 (45... Qa1+ 46. Kg2 Bd8) 46. h4 {[%emt 0:00:00] Threatens to win with Qe4.} Qe5 (46... Qd4 47. Qxd4 Bxd4) 47. Qxe5 Bxe5 48. Kg2 {[%emt 0:00:00] And now g4 would win.} Bc7 49. g4 Kh6 50. g5+ Kh7 51. Kf3 {[%emt 0:00:00] Weighted Error Value: White=0.28 (precise) /Black=0.54.  Loses game:     	---       	Black=2      Mistake:       	White=2     	Black=6      Inaccurate:     	White=3     	Black=3      OK:         	White=16    	Black=13     Best:        	White=5     	Black=4      Strong:       	White=1     	---} (51. a4 $142 Kg8 52. Bxg6 Kf8 53. Kf3 Ke7 54. Kg4 Ke6 55. Bd3 Kd6 56. Kh5) 1-0

[Event "45th FIDE Olympiad 2024"]
[Site "Budapest"]
[Date "2024.09.13"]
[Round "3.41"]
[White "Ayyad, Husain"]
[Black "Aziz, Husain"]
[Result "1/2-1/2"]
[ECO "C56"]
[WhiteElo "2129"]
[BlackElo "2340"]
[Annotator "RC"]
[PlyCount "120"]
[EventDate "2024.09.05"]
[EventType "team-tourn"]
[EventCountry "HUN"]
[SourceTitle "playchess.com"]
[Source "ChessBase"]
[SourceQuality "1"]
[WhiteTeam "Bahrain"]
[BlackTeam "Qatar"]
[WhiteTeamCountry "BHN"]
[BlackTeamCountry "QAT"]
[TimeControl "40/5400+30:1800+30"]

1. e4 e5 2. Nf3 Nc6 3. d4 exd4 4. Bc4 Nf6 5. e5 d5 6. Bb5 Nd7 7. O-O Be7 8. Bxc6 bxc6 9. e6 fxe6 10. Nxd4 Nb8 11. Re1 O-O 12. Nxe6 Bxe6 13. Rxe6 Bc5 14. Be3 d4 15. Bd2 Qd5 16. Qg4 Nd7 17. b4 Bd6 18. Re2 Ne5 19. Qe4 Rae8 20. Qxd5+ cxd5 21. Kf1 Nc4 22. Rxe8 Rxe8 23. a3 Kf7 24. Bc1 a5 25. bxa5 Ra8 26. Nd2 Rxa5 27. Nb3 Ra8 28. a4 c5 29. f4 Ke6 30. g4 Ne3+ 31. Bxe3 dxe3 32. Ke2 d4 33. a5 Kd5 34. a6 c4 35. Ra5+ Ke4 36. Nc1 Bxf4 37. h3 Bd6 38. Ra4 Kd5 39. c3 Bc5 40. cxd4 Bxd4 41. Na2 Kc5 42. a7 Kc6 43. Rxc4+ Kd5 44. Ra4 Rxa7 45. Rxa7 Bxa7 46. Nc3+ Ke5 47. Kf3 Bc5 48. h4 Kd4 49. Ne2+ Kd3 50. h5 h6 51. Nf4+ Kd2 52. Ne2 Bb6 53. Nf4 Bc7 54. Ne2 Be5 55. Ng1 Kd3 56. Ne2 Bb8 57. Ng1 Bh2 58. Ne2 Kd2 59. Nd4 Be5 60. Ne2 Kd3 1/2-1/2

[Event "45th FIDE Olympiad 2024"]
[Site "Budapest"]
[Date "2024.09.13"]
[Round "3.42"]
[White "Macovei, Andrei"]
[Black "Abasov, Nijat"]
[Result "1/2-1/2"]
[ECO "B11"]
[WhiteElo "2464"]
[BlackElo "2626"]
[Annotator "RC"]
[PlyCount "49"]
[EventDate "2024.09.05"]
[EventType "team-tourn"]
[EventCountry "HUN"]
[SourceTitle "playchess.com"]
[Source "ChessBase"]
[SourceQuality "1"]
[WhiteTeam "Moldova"]
[BlackTeam "Azerbaijan"]
[WhiteTeamCountry "MDA"]
[BlackTeamCountry "AZE"]
[TimeControl "40/5400+30:1800+30"]

1. e4 c6 2. Nf3 d5 3. Nc3 dxe4 4. Nxe4 Nf6 5. Qe2 Nxe4 6. Qxe4 Nd7 7. d4 Nf6 8. Qd3 g6 9. Be2 Bg7 10. O-O O-O 11. h3 Qc7 12. c4 Rd8 13. Rd1 Bf5 14. Qb3 b5 15. Bg5 bxc4 16. Bxc4 Nd5 17. Bh4 Rdb8 18. Qa3 Rb6 19. Bxd5 cxd5 20. Bxe7 Qb7 21. b3 Ra6 22. Qb4 Rb6 23. Qa3 Ra6 24. Qb4 Rb6 25. Qa3 1/2-1/2

[Event "45th FIDE Olympiad 2024"]
[Site "Budapest"]
[Date "2024.09.13"]
[Round "3.42"]
[White "Erfan, Mohamad Firdaus"]
[Black "Ayyad, Maher"]
[Result "1/2-1/2"]
[ECO "D36"]
[WhiteElo "1758"]
[BlackElo "1980"]
[Annotator "NA RC"]
[PlyCount "64"]
[EventDate "2024.09.05"]
[EventType "team-tourn"]
[EventCountry "HUN"]
[SourceTitle "playchess.com"]
[Source "ChessBase"]
[SourceQuality "1"]
[WhiteTeam "Qatar"]
[BlackTeam "Bahrain"]
[WhiteTeamCountry "QAT"]
[BlackTeamCountry "BHN"]
[TimeControl "40/5400+30:1800+30"]

1. d4 d5 2. c4 e6 3. Nc3 Nf6 4. cxd5 exd5 5. Bg5 Nbd7 6. e3 c6 7. Bd3 Be7 8. Nf3 O-O 9. Qc2 Re8 10. O-O Nf8 11. h3 Ne4 12. Bf4 Ng5 13. Bxg5 Bxg5 14. b4 Be7 15. Rab1 Bd6 16. b5 Qf6 17. bxc6 bxc6 18. e4 Bxh3 19. e5 Qf4 20. exd6 Qg4 21. Nh4 Qxh4 22. gxh3 Qxh3 23. Bf5 Qh4 24. d7 Qg5+ 25. Kh2 Qf4+ 26. Kg2 Qg5+ 27. Kh2 Red8 28. Rb7 Qf4+ 29. Kg2 Qg5+ 30. Kh2 Qf4+ 31. Kg2 Qg5+ 32. Kh2 Qf4+ 1/2-1/2

[Event "45th FIDE Olympiad 2024"]
[Site "Budapest"]
[Date "2024.09.13"]
[Round "3.43"]
[White "Mamedyarov, Shakhriyar"]
[Black "Lashkin, Jegor"]
[Result "1-0"]
[ECO "A28"]
[WhiteElo "2733"]
[BlackElo "2472"]
[Annotator "TA"]
[PlyCount "80"]
[EventDate "2024.09.05"]
[EventType "team-tourn"]
[EventCountry "HUN"]
[SourceTitle "playchess.com"]
[Source "ChessBase"]
[SourceQuality "1"]
[WhiteTeam "Azerbaijan"]
[BlackTeam "Moldova"]
[WhiteTeamCountry "AZE"]
[BlackTeamCountry "MDA"]
[TimeControl "40/5400+30:1800+30"]

1. c4 e5 2. Nc3 Nf6 3. Nf3 Nc6 4. a3 d5 5. cxd5 Nxd5 6. Qc2 Be7 7. e3 O-O 8. Bd3 g6 9. Nxd5 Qxd5 10. b4 {[%emt 0:03:23] White is slightly better.} Be6 11. Bb2 Rfd8 (11... f5 $11 12. Be2 e4) 12. Be4 $16 Qb5 13. h4 Bf6 14. h5 Kg7 15. Rb1 a5 16. bxa5 Ba2 17. Rc1 Bd5 {[%emt 0:01:01] Threatens to win with ...Bxe4.} 18. Bc3 $1 Nd4 19. exd4 Bxe4 20. Qxe4 exd4 21. Nxd4 Rxd4 22. Bxd4 Re8 23. h6+ (23. Bxf6+ Kxf6 $18) 23... Kf8 24. Bc5+ $1 Kg8 {[%emt 0:00:09] [#]} 25. Qxe8+ (25. Be7 $2 Rxe7 $19 (25... Bxe7 26. Kd1 $16) (25... Bxe7 26. Kd1 $16)) 25... Qxe8+ 26. Be3 Be5 27. O-O Qa4 {[%emt 0:01:01] [#]} (27... f6 $16) 28. Rfe1 (28. Rb1 $1 $18 {[%cal Rb1b7] has better winning chances.} Qxa5 29. Rxb7) 28... f6 29. Bc5 $1 {[%emt 0:07:27][%cal Od2d4] d4! is the strong threat.} g5 {[%emt 0:03:09] [#]} (29... Qf4 $1 $14) 30. d4 $1 $18 Bf4 31. Rb1 Qc6 {[%emt 0:01:52][%mdl 8192] Loses the game.} (31... Kf7 $16) 32. Re7 {[%emt 0:03:07] Rg7+ would now be deadly.} g4 {[%emt 0:00:07] [#]} 33. a6 $1 Qxa6 (33... b6 34. a7) 34. Rg7+ Kh8 35. Re1 ({Weaker is} 35. Rxg4 Bxh6 36. Rg3 Bf4 $16) 35... Qa4 {[%emt 0:01:05] Prevents Re8+} 36. g3 ({Not} 36. Rxg4 Bxh6 37. Bb4 b6 $16) 36... Bxh6 {[%emt 0:00:33] White mates.} 37. Rxc7 ({Inferior is} 37. Rxg4 f5 38. Rh4 Bg5 $11) 37... Qa8 38. d5 Qd8 39. d6 Bf8 40. Rxb7 Kg8 {[%emt 0:00:41] Weighted Error Value: White=0.09 (flawless) /Black=0.19 (very precise) .  Loses game:     	---       	Black=1      Mistake:       	White=1     	Black=4      Inaccurate:     	White=2     	Black=2      OK:         	White=11    	Black=8      Best:        	White=3     	Black=4      Strong:       	White=3     	---        Brilliant:      	White=1     	---} 1-0

[Event "45th FIDE Olympiad 2024"]
[Site "Budapest"]
[Date "2024.09.13"]
[Round "3.43"]
[White "Mosa, Hamad"]
[Black "Al Qassabi, Mohammed"]
[Result "0-1"]
[ECO "C77"]
[WhiteElo "1721"]
[BlackElo "1521"]
[Annotator "NA"]
[PlyCount "160"]
[EventDate "2024.09.05"]
[EventType "team-tourn"]
[EventCountry "HUN"]
[SourceTitle "playchess.com"]
[Source "ChessBase"]
[SourceQuality "1"]
[WhiteTeam "Bahrain"]
[BlackTeam "Qatar"]
[WhiteTeamCountry "BHN"]
[BlackTeamCountry "QAT"]
[TimeControl "40/5400+30:1800+30"]

1. e4 e5 2. Nf3 Nc6 3. Bb5 a6 4. Ba4 Nf6 5. d3 b5 6. Bb3 Be7 7. c3 d6 8. Nbd2 O-O 9. O-O Na5 10. Bc2 c5 11. d4 Qc7 12. d5 c4 13. a4 Bd7 14. Re1 Nb7 15. Nf1 Nc5 16. axb5 axb5 17. Bg5 Bg4 18. Bxf6 Bxf6 19. Ne3 Rxa1 20. Qxa1 Bxf3 21. gxf3 Qd7 22. Qa5 Rb8 23. Kf1 Bd8 24. Qa2 Qh3+ 25. Ke2 Qxh2 26. Qa7 Rb7 27. Qa8 Qh4 28. Nf5 Qf6 29. Ra1 g6 30. Ne3 Kg7 31. Ra6 Qe7 32. Rc6 Ra7 33. Qb8 Rb7 34. Qxd6 Qxd6 35. Rxd6 Rd7 36. Rc6 Rc7 37. Ng4 Rxc6 38. dxc6 f6 39. Ne3 Na6 40. f4 exf4 41. Nd5 Bc7 42. Kf3 g5 43. Kg4 Be5 44. Kf5 h5 45. f3 h4 46. Kg4 Nc7 47. Nb6 Bd6 48. b3 cxb3 49. Bxb3 b4 50. cxb4 Bxb4 51. Nd5 Nxd5 52. Bxd5 Bd6 53. Be6 Kf8 54. Kh5 Ke7 55. Bf5 Be5 56. Kg4 Kd6 57. Bd7 Kc5 58. Kh5 Kd4 59. Kg6 Ke3 60. Bg4 Kf2 61. c7 Bxc7 62. Kxf6 Kg3 63. e5 h3 64. Bxh3 Kxh3 65. e6 Bd6 66. Kxg5 Kg3 67. Kf6 Kxf3 68. e7 Bxe7+ 69. Kxe7 Kg4 70. Kd6 f3 71. Kc5 f2 72. Kb4 f1=Q 73. Kb3 Qc1 74. Ka2 Qc3 75. Kb1 Qd2 76. Ka1 Kf3 77. Kb1 Ke4 78. Ka1 Kd3 79. Kb1 Kc3 80. Ka1 Qb2# 0-1